[Event "Titled Tuesday Blitz February 07 Early 2023"]
[White "Prudnykova, Olga"]
[Black "Panesso Rivera, Henry"]
[WhiteFideId "14121093"]
[BlackFideId "4402707"]
[WhiteElo "2268"]
[BlackElo "2342"]
[Result "0-1"]
[Round "01"]
[TimeControl "180+2"]
[Date "2023.02.07"]
[WhiteClock "0:00:14"]
[BlackClock "0:00:11"]

1. e4 d6 2. d4 Nf6 3. Nc3 g6 4. Be3 c6 5. h3 Bg7 6. Qd2 O-O 7. g4 e5 8. Nge2 Re8 9. Bg2 Nbd7 10. O-O exd4 11. Bxd4 Ne5 12. b3 Bxg4 13. hxg4 Nfxg4 14. f4 Qh4 15. Rfe1 c5 16. Be3 Qh2+ 17. Kf1 Bh6 18. Ng1 Qg3 19. Bh1 Nh2+ 20. Ke2 Qg4+ 21. Kf2 Qh4+ 22. Ke2 Qh5+ 23. Kf2 Qh4+ 24. Ke2 Qh5+ 25. Kf2 Nhg4+ 26. Kf1 Qxh1 27. Qg2 Qh4 28. Nd5 Kg7 29. fxe5 Nxe3+ 30. Nxe3 Rxe5 31. Qg4 Qxg4 32. Nxg4 Rh5 33. Nxh6 Kxh6 34. Re2 Re8 35. Rae1 Rhe5 36. Nf3 R5e6 37. Nd2 Kg7 38. Nc4 h5 39. e5 d5 40. Nd2 Rd8 41. Nf3 Re7 42. Kg2 b6 43. Kg3 d4 44. Kf4 Rh8 45. Rh2 Rhe8 46. Rg1 Kf8 47. Rg5 Rd8 48. Ke4 Ke8 49. Kd3 Red7 50. Rf2 b5 51. Nd2 a6 52. Ne4 Re7 53. Nf6+ Kf8 54. Ne4 Rc7 55. Nd6 c4+ 56. bxc4 bxc4+ 57. Nxc4 Kg7 58. Nd6 Rc3+ 59. Kd2 Rc7 60. Rh2 Kh6 61. Rhg2 Rdd7 62. R5g3 Rc5 63. Ne4 Rxe5 64. Kd3 Rde7 65. Nd2 Re3+ 66. Rxe3 dxe3 67. Nf3 f5 68. Re2 f4 69. Nd4 Rd7 70. c4 g5 71. Ke4 Re7+ 72. Kf3 Kg6 73. c5 Rf7 74. Ne6 g4+ 75. Ke4 f3 76. Kxe3 fxe2 77. Nf4+ Kf5 78. Nxe2 Re7+ 79. Kd3 Rxe2 80. Kxe2 Ke6 81. Kf2 Kd5 82. Kg3 Kxc5 83. Kh4 Kb4 84. Kxh5 g3 85. Kg4 g2 86. Kf4 g1=Q 87. Ke4 Qa1 0-1


[Site "https://www.chess.com"]

[Event "Titled Tuesday Blitz February 07 Early 2023"]
[White "Seemann, Jakub"]
[Black "Jenkins, Drake"]
[WhiteFideId "21874697"]
[BlackFideId "2022397"]
[WhiteElo "2446"]
[BlackElo "2130"]
[Result "1-0"]
[Round "01"]
[TimeControl "180+2"]
[Date "2023.02.07"]
[WhiteClock "0:01:35"]
[BlackClock "0:00:46"]

1. Nf3 Nf6 2. d4 c5 3. d5 b5 4. c4 b4 5. Nbd2 g6 6. e4 d6 7. Bd3 Bg7 8. O-O O-O 9. h3 e6 10. Re1 a5 11. Nf1 exd5 12. exd5 a4 13. Rb1 Ra7 14. Bf4 Re7 15. Qd2 Rfe8 16. Ng3 Nbd7 17. Bxd6 Rxe1+ 18. Rxe1 b3 19. axb3 axb3 20. Bf4 Ba6 21. Rxe8+ Nxe8 22. Ne4 Qb6 23. Qe2 Kf8 24. Nfg5 h6 25. Nxf7 Kxf7 26. Nd6+ Nxd6 27. Qe6+ Kf8 28. Bxd6+ 1-0


[Site "https://www.chess.com"]

[Event "Titled Tuesday Blitz February 07 Early 2023"]
[White "Balint, Vilmos"]
[Black "Assaubayeva, Bibisara"]
[WhiteFideId "718050"]
[BlackFideId "13708694"]
[WhiteElo "2169"]
[BlackElo "2464"]
[Result "0-1"]
[Round "01"]
[TimeControl "180+2"]
[Date "2023.02.07"]
[WhiteClock "0:00:37"]
[BlackClock "0:01:21"]

1. Nc3 Nf6 2. e4 e5 3. f4 d5 4. exd5 exf4 5. Nf3 Bd6 6. Bc4 O-O 7. O-O Bg4 8. a4 Nbd7 9. d4 Nb6 10. Bb3 a5 11. Qd3 Re8 12. Bd2 Bh5 13. Rae1 Bg6 14. Qb5 Ng4 15. Qxe8+ Qxe8 16. Rxe8+ Rxe8 17. Nb5 Ne3 18. Nxd6 cxd6 19. Re1 Kf8 20. Bxa5 Nbxd5 21. c4 b6 22. Bd2 Nf6 23. Bb4 Nf5 24. Rxe8+ Kxe8 25. a5 bxa5 26. Bxa5 Ne3 27. Ba4+ Ke7 28. b3 Bc2 29. Bb4 Nxc4 30. Ne1 Ne3 31. Nxc2 Nxc2 32. Bc3 Nd5 33. Bb2 g5 34. Bc6 Ke6 35. Kf2 h5 36. h3 Ncb4 37. Bb7 Nd3+ 0-1


[Site "https://www.chess.com"]

[Event "Titled Tuesday Blitz February 07 Early 2023"]
[White "Diaz Villagran, Robert"]
[Black "Skibbe, Willi"]
[WhiteFideId "3404056"]
[BlackFideId "4682190"]
[WhiteElo "2315"]
[BlackElo "2176"]
[Result "0-1"]
[Round "01"]
[TimeControl "180+2"]
[Date "2023.02.07"]
[WhiteClock "0:00:03"]
[BlackClock "0:00:12"]

1. e4 e6 2. d3 d5 3. Nd2 Nf6 4. Ngf3 c5 5. g3 Be7 6. Bg2 O-O 7. O-O Nc6 8. Re1 b5 9. e5 Nd7 10. Nf1 a5 11. h4 b4 12. N1h2 a4 13. a3 bxa3 14. bxa3 c4 15. d4 c3 16. h5 Ba6 17. h6 g6 18. Be3 Na5 19. Qc1 Nc4 20. Bg5 Rb8 21. Qf4 Rb6 22. Ng4 f5 23. exf6 Nxf6 24. Nxf6+ Bxf6 25. Qg4 Bc8 26. Qh4 Rb2 27. Re2 Nd2 28. Bxf6 Qxf6 29. Qxf6 Rxf6 30. Nxd2 Ba6 31. Re3 cxd2 32. Rd1 Rxc2 33. Bf1 Rc1 34. Rxd2 Rxf1+ 35. Kg2 Rc1 36. Rb2 Bf1+ 37. Kh2 Bc4 38. Rb8+ Kf7 39. Rb7+ Kf8 40. f4 Rf7 41. Rb8+ Ke7 42. Ra8 Bb3 43. Ra7+ Kf6 44. Ra8 Re7 45. Rf8+ Rf7 46. Re8 Rc6 47. g4 g5 48. Kg3 gxf4+ 49. Kxf4 Kg6+ 50. Kg3 Kxh6 51. R3xe6+ Rxe6 52. Rxe6+ Kg7 53. Kh4 Rc7 54. Kg5 Rf7 55. Rd6 Re7 56. Kf5 Rf7+ 57. Kg5 Kf8 58. Kh6 Ke7 59. Ra6 Rf6+ 60. Rxf6 Kxf6 61. Kxh7 Kg5 62. Kg7 Kxg4 63. Kf6 Kf4 0-1


[Site "https://www.chess.com"]

[Event "Titled Tuesday Blitz February 07 Early 2023"]
[White "Wilson, Elvin"]
[Black "tuschessCM1"]
[WhiteFideId "2014874"]
[WhiteElo "2183"]
[BlackElo "2638"]
[Result "0-1"]
[Round "01"]
[TimeControl "180+2"]
[Date "2023.02.07"]
[WhiteClock "0:00:01"]
[BlackClock "0:00:05"]

1. c4 Nf6 2. g3 g6 3. Nc3 Bg7 4. Bg2 d6 5. e4 O-O 6. Nge2 Nc6 7. O-O e5 8. d3 Nh5 9. Be3 Be6 10. h3 Nd4 11. Kh2 Nxe2 12. Qxe2 c6 13. f4 exf4 14. gxf4 f5 15. Rae1 Qh4 16. Qf2 Bf6 17. Qxh4 Bxh4 18. Bf2 Bxf2 19. Rxf2 Rae8 20. e5 Bf7 21. b3 Re7 22. d4 Rd8 23. d5 cxd5 24. cxd5 a6 25. Ree2 Rc7 26. Re3 Kg7 27. e6 Be8 28. Rd3 Rdc8 29. Ne2 Rc2 30. Kg1 Rxa2 31. Nd4 Rxf2 32. Kxf2 Nxf4 33. Rd2 Kf6 34. Kf3 g5 35. h4 h6 36. hxg5+ hxg5 37. Bf1 Rc3+ 38. Kf2 g4 39. Kg1 Nxd5 40. Bc4 Ne3 41. Rf2 Rc1+ 42. Kh2 Ke5 43. Ne2 Rc2 44. Kg3 Nxc4 45. bxc4 Rxc4 46. Nf4 Re4 47. Nd3+ Kxe6 48. Rb2 Re3+ 49. Kf4 Rf3+ 0-1


[Site "https://www.chess.com"]

[Event "Titled Tuesday Blitz February 07 Early 2023"]
[White "Karthik Rajaa"]
[Black "Lopez Del Alamo, Antonio"]
[WhiteFideId "25035215"]
[BlackFideId "2227339"]
[WhiteElo "2276"]
[BlackElo "2280"]
[Result "1/2-1/2"]
[Round "01"]
[TimeControl "180+2"]
[Date "2023.02.07"]
[WhiteClock "0:00:40"]
[BlackClock "0:00:18"]

1. c4 Nf6 2. Nc3 g6 3. g3 Bg7 4. Bg2 d6 5. d4 O-O 6. Nf3 c6 7. O-O Qa5 8. h3 e5 9. e3 Re8 10. a3 e4 11. Nd2 d5 12. b4 Qd8 13. Bb2 Be6 14. cxd5 cxd5 15. Rc1 Qd7 16. Kh2 h5 17. Ne2 Nc6 18. Nf4 Bf5 19. Nb3 b6 20. Qe2 Qb7 21. Qb5 Ne7 22. Na5 Qb8 23. Nc6 Nxc6 24. Qxc6 Bd7 25. Qc7 Rc8 26. Qxb8 Raxb8 27. Rfd1 Ba4 28. Re1 Bb5 29. Kg1 g5 30. Ne2 Bxe2 31. Rxe2 Rxc1+ 32. Bxc1 Rc8 33. Bb2 g4 34. Rd2 Ne8 35. hxg4 hxg4 36. Bf1 Nd6 37. Be2 f5 38. b5 Bf8 39. a4 Kf7 40. Bd1 Ke6 41. Bb3 Nc4 42. Rc2 Bb4 43. Bc1 Nd6 44. Rxc8 Nxc8 45. Kf1 Nd6 46. Ke2 Nc8 47. Bd2 Bxd2 48. Kxd2 Nd6 49. Kc3 Nc8 50. Kd2 Nd6 51. Kc3 Nf7 52. Kd2 Nd6 1/2-1/2


[Site "https://www.chess.com"]

[Event "Titled Tuesday Blitz February 07 Early 2023"]
[White "Van den Dikkenberg, Erik"]
[Black "Pinheiro, Iung Alicio de O."]
[WhiteFideId "1005880"]
[BlackFideId "2104350"]
[WhiteElo "2091"]
[BlackElo "2306"]
[Result "0-1"]
[Round "01"]
[TimeControl "180+2"]
[Date "2023.02.07"]
[WhiteClock "0:00:15"]
[BlackClock "0:00:38"]

1. e4 c5 2. Nc3 Nc6 3. f4 e6 4. Nf3 Nge7 5. a4 a6 6. d3 d5 7. Qe2 Nd4 8. Nxd4 cxd4 9. Nd1 dxe4 10. dxe4 Nc6 11. g3 Bb4+ 12. Bd2 Qa5 13. Bg2 e5 14. Bxb4 Qxb4+ 15. c3 dxc3 16. Nxc3 Nd4 17. Qd3 Be6 18. O-O Bc4 19. Qe3 Nc2 20. Qd2 Nxa1 21. Rxa1 Qc5+ 22. Kh1 Rd8 23. Nd5 Bxd5 24. exd5 exf4 25. Re1+ Kf8 26. Qxf4 Qd6 27. Qe4 h5 28. Re3 Rh6 29. h4 Kg8 30. Kh2 Rf6 31. Bf3 g6 32. b4 Rf5 33. Kg2 Qf6 34. Qe7 Rxf3 35. Qxd8+ Qxd8 36. Kxf3 Qxd5+ 37. Re4 Qb3+ 38. Kf4 Qxa4 39. Kg5 Kg7 0-1


[Site "https://www.chess.com"]

[Event "Titled Tuesday Blitz February 07 Early 2023"]
[White "Shapiro, Viktor"]
[Black "Zanette, Edgard Vinicius"]
[WhiteFideId "4175700"]
[BlackFideId "2109263"]
[WhiteElo "2192"]
[BlackElo "2085"]
[Result "1-0"]
[Round "01"]
[TimeControl "180+2"]
[Date "2023.02.07"]
[WhiteClock "0:01:19"]
[BlackClock "0:00:44"]

1. c4 e5 2. Nc3 Nf6 3. g3 c6 4. Bg2 d5 5. cxd5 cxd5 6. Qb3 e4 7. d3 exd3 8. Nxd5 dxe2 9. Nxf6+ Qxf6 10. Bxb7 Bxb7 11. Qxb7 Qc6 12. Qxc6+ Nxc6 13. Nxe2 Bb4+ 14. Kf1 O-O 15. Be3 Rfe8 16. Kg2 Ne5 17. Rac1 Ng4 18. Rc4 Rxe3 19. Rxg4 Rxe2 20. Rxb4 h5 21. Rc1 a5 22. Rb5 a4 23. a3 Rd8 24. Rc4 g6 25. Rxa4 Rdd2 26. Rb8+ Kg7 27. Rf4 Rxb2 28. Rxb2 Rxb2 29. h4 Ra2 30. a4 Ra1 31. Kf3 Ra2 32. Ke3 Ra1 33. Kd3 Kf8 34. Kc3 f5 35. Kb2 Re1 36. a5 Re5 37. Ra4 Re7 38. a6 Ra7 39. Kc3 Ke7 40. Kd4 Kd6 41. Ra5 1-0


[Site "https://www.chess.com"]

[Event "Titled Tuesday Blitz February 07 Early 2023"]
[White "Rudzinska, Michalina"]
[Black "Song, Julien"]
[WhiteFideId "1172883"]
[BlackFideId "659487"]
[WhiteElo "2244"]
[BlackElo "2350"]
[Result "0-1"]
[Round "01"]
[TimeControl "180+2"]
[Date "2023.02.07"]
[WhiteClock "0:01:22"]
[BlackClock "0:01:05"]

1. e4 e6 2. d4 d5 3. Nd2 c5 4. exd5 Qxd5 5. Ngf3 cxd4 6. Bc4 Qd7 7. O-O Nc6 8. Nb3 a6 9. Nbxd4 Nxd4 10. Nxd4 Qc7 11. Qe2 Bd6 12. Nf5 Bxh2+ 13. Kh1 Be5 14. f4 Bf6 15. Ng3 b5 16. Bd5 Bb7 17. Bxb7 Qxb7 18. f5 Ne7 19. fxe6 O-O 20. exf7+ Rxf7 21. Bf4 Ng6 22. Bd6 Bxb2 23. Rae1 Rxf1+ 24. Rxf1 Qd7 25. Bb4 Re8 26. Qf3 Ne5 27. Qb3+ Nc4 28. Bc3 Bxc3 29. Qxc3 Re3 30. Qb4 h6 31. Nf5 Re8 32. Qc3 Rf8 33. Qh3 Kh7 34. g4 Nd6 35. Qd3 Qb7+ 36. Kh2 Nxf5 37. Rxf5 Rxf5 38. Qxf5+ Kg8 39. Qe6+ Kf8 40. Qf5+ Ke8 41. Qg6+ Kd8 42. Qd3+ Kc8 43. Qf5+ Kb8 44. Qf8+ Ka7 45. Qf2+ Ka8 46. Qf8+ Qb8+ 47. Qxb8+ Kxb8 48. Kh3 Kc7 49. Kh4 g6 50. Kg3 Kd6 51. Kf4 Kd5 52. a3 h5 53. gxh5 gxh5 54. Kg5 Kc4 55. Kxh5 Kc3 56. Kg4 Kxc2 57. Kf4 Kb3 0-1


[Site "https://www.chess.com"]

[Event "Titled Tuesday Blitz February 07 Early 2023"]
[White "Czernek, Tymon"]
[Black "Marchesich, Giovanni"]
[WhiteFideId "1199510"]
[BlackFideId "2824790"]
[WhiteElo "2314"]
[BlackElo "2217"]
[Result "1-0"]
[Round "01"]
[TimeControl "180+2"]
[Date "2023.02.07"]
[WhiteClock "0:01:46"]
[BlackClock "0:02:27"]

1. e4 e5 2. Nf3 d5 3. exd5 e4 4. Qe2 Nf6 5. Nc3 Bb4 6. Nxe4 O-O 7. Nxf6+ Qxf6 8. c3 Bd6 9. d4 Bg4 10. h3 Bh5 11. g4 Na6 12. gxh5 Rae8 13. Be3 Bf4 14. O-O-O Bxe3+ 15. fxe3 c6 16. Rg1 cxd5 17. Ne5 Nc5 18. Ng4 Qa6 19. Qxa6 1-0


[Site "https://www.chess.com"]

[Event "Titled Tuesday Blitz February 07 Early 2023"]
[White "Osmonbekov, Talaibek"]
[Black "Kodinets, Konstantin L."]
[WhiteFideId "2017253"]
[BlackFideId "4122011"]
[WhiteElo "2137"]
[BlackElo "2409"]
[Result "0-1"]
[Round "01"]
[TimeControl "180+2"]
[Date "2023.02.07"]
[WhiteClock "0:00:02"]
[BlackClock "0:00:22"]

1. d4 d6 2. Bf4 Nf6 3. Nc3 Nh5 4. Bd2 Nf6 5. e4 e5 6. Nf3 exd4 7. Nxd4 Be7 8. Bd3 O-O 9. O-O Nc6 10. Nxc6 bxc6 11. f4 Nd7 12. Be3 a5 13. Qe2 Bf6 14. Rad1 Rb8 15. e5 dxe5 16. Ne4 Be7 17. fxe5 Nxe5 18. Nc5 Nxd3 19. Rxd3 Bd6 20. b3 Qe7 21. Qf2 Rb4 22. c4 Qe5 23. g3 Bh3 24. Re1 Qf5 25. Rd2 Rbb8 26. Qxf5 Bxf5 27. Rf2 Bh3 28. Ne4 Bb4 29. Bd2 Rfe8 30. Rfe2 Kf8 31. Bc3 f6 32. Kf2 Kf7 0-1


[Site "https://www.chess.com"]

[Event "Titled Tuesday Blitz February 07 Early 2023"]
[White "Kvaloy, Aksel Bu"]
[Black "Theytookourjobs"]
[WhiteFideId "1528815"]
[WhiteElo "2321"]
[BlackElo "2291"]
[Result "1-0"]
[Round "01"]
[TimeControl "180+2"]
[Date "2023.02.07"]
[WhiteClock "0:00:21"]
[BlackClock "0:00:17"]

1. d4 e6 2. e4 d5 3. Nc3 Be7 4. Bd3 Nf6 5. e5 Nfd7 6. f4 c5 7. Nf3 Nc6 8. Be3 cxd4 9. Nxd4 Bc5 10. Be2 Nxd4 11. Bxd4 Bxd4 12. Qxd4 Qb6 13. Qxb6 Nxb6 14. h4 O-O 15. h5 Bd7 16. h6 g6 17. O-O-O Rac8 18. Kb1 a6 19. g4 f6 20. Bd3 fxe5 21. fxe5 Nc4 22. Rde1 Rf4 23. g5 Rcf8 24. Rhg1 Nd2+ 25. Kc1 Nf3 26. Rh1 Nxe1 27. Rxe1 b5 28. Rg1 b4 29. Ne2 Rf1+ 30. Rxf1 Rxf1+ 31. Kd2 Bb5 32. Bxb5 axb5 33. Nd4 Kf7 34. Nxb5 Rf5 35. Nd6+ Ke7 36. Nxf5+ exf5 37. Ke3 Ke6 38. Kf4 d4 39. a4 bxa3 40. bxa3 Kd5 41. a4 Kc4 42. e6 Kc3 43. e7 Kxc2 44. e8=Q d3 45. Ke3 1-0


[Site "https://www.chess.com"]

[Event "Titled Tuesday Blitz February 07 Early 2023"]
[White "Bashirli, Saadat"]
[Black "Kalogeris, Ioannis"]
[WhiteFideId "13429990"]
[BlackFideId "4239563"]
[WhiteElo "1571"]
[BlackElo "2423"]
[Result "0-1"]
[Round "01"]
[TimeControl "180+2"]
[Date "2023.02.07"]
[WhiteClock "0:00:17"]
[BlackClock "0:00:48"]

1. e4 e5 2. Nf3 Nc6 3. Bc4 Bc5 4. c3 Nf6 5. d3 O-O 6. O-O d6 7. Nbd2 Bb6 8. Re1 Ne7 9. Nf1 Ng6 10. Ng3 c6 11. d4 Bg4 12. Be3 h6 13. h3 Bxf3 14. Qxf3 Nh4 15. Qd1 Qc7 16. Qc2 Rae8 17. Rad1 exd4 18. cxd4 d5 19. Bd3 dxe4 20. Nxe4 Nxe4 21. Bxe4 f5 22. Bd3 Kh8 23. Qc3 Qd6 24. Bc4 Qg6 25. Bf1 f4 26. Bd2 Rxe1 27. Rxe1 Nxg2 28. Bd3 Qg5 29. Re5 Qh4 30. Kxg2 f3+ 31. Kf1 Bxd4 32. Be3 Bxc3 33. bxc3 Qxh3+ 34. Ke1 Rd8 35. Bf1 Qxf1+ 36. Kxf1 Rd1# 0-1


[Site "https://www.chess.com"]

[Event "Titled Tuesday Blitz February 07 Early 2023"]
[White "Korchmar, Vasiliy"]
[Black "Sovetbekova, Nurai"]
[WhiteFideId "24131750"]
[BlackFideId "13801910"]
[WhiteElo "2438"]
[BlackElo "1764"]
[Result "1-0"]
[Round "01"]
[TimeControl "180+2"]
[Date "2023.02.07"]
[WhiteClock "0:01:32"]
[BlackClock "0:00:30"]

1. e4 c5 2. Nf3 d6 3. d4 cxd4 4. Nxd4 Nf6 5. Nc3 a6 6. Be2 e5 7. Nb3 Be7 8. O-O O-O 9. Be3 Be6 10. Nd5 Nbd7 11. Qd3 b5 12. Nxe7+ Qxe7 13. a4 Bc4 14. Qd1 Rac8 15. axb5 axb5 16. f3 Bxe2 17. Qxe2 Nc5 18. Nxc5 dxc5 19. Qxb5 Rb8 20. Qxc5 Qe6 21. Qa3 Rfc8 22. Rf2 Nd7 23. b3 Nb6 24. Rd1 Rc6 25. Rfd2 h6 26. Rd6 Qe8 27. Rxc6 Qxc6 28. Qd6 Qb7 29. Qxb6 Qxb6 30. Bxb6 Rxb6 31. Kf2 Rc6 32. c4 Kf8 33. Ke3 Ke7 34. Rd5 f6 35. Kd3 1-0


[Site "https://www.chess.com"]

[Event "Titled Tuesday Blitz February 07 Early 2023"]
[White "Afanasieva, Alexandra"]
[Black "Bodnaruk, Anastasia"]
[WhiteFideId "34126926"]
[BlackFideId "4181751"]
[WhiteElo "1857"]
[BlackElo "2350"]
[Result "1-0"]
[Round "01"]
[TimeControl "180+2"]
[Date "2023.02.07"]
[WhiteClock "0:00:05"]
[BlackClock "0:00:08"]

1. e4 d6 2. d4 g6 3. Nc3 Bg7 4. Nf3 Nf6 5. Bg5 O-O 6. Qd2 c6 7. h4 h5 8. Bh6 b5 9. a3 a5 10. Bxg7 Kxg7 11. e5 dxe5 12. dxe5 Ng4 13. Rd1 Qxd2+ 14. Rxd2 Nd7 15. e6 fxe6 16. Ne4 e5 17. a4 Ndf6 18. Nxf6 exf6 19. axb5 cxb5 20. Bxb5 Bb7 21. Ke2 Rf7 22. Rhd1 e4 23. Nd4 Ne5 24. c4 f5 25. f4 exf3+ 26. gxf3 Re7 27. Kf2 Rc8 28. b3 Kf6 29. Re2 f4 30. Red2 Rec7 31. Ne2 Bxf3 32. Rd6+ Kg7 33. Re6 Bxe2 34. Kxe2 Ng4 35. Rdd6 Rf8 36. Rxg6+ Kh7 37. Rg5 f3+ 38. Kf1 Nf6 39. c5 f2 40. Bd3+ Kh8 41. Rg6 Rcf7 42. Bc4 Kh7 43. Bxf7 Ne4 44. Rh6+ Kg7 45. Rhg6+ Kxf7 46. Rde6 Nxc5 47. Ref6+ Ke7 48. Rxf8 Kxf8 49. Kxf2 Nxb3 50. Rb6 a4 51. Rb4 Nc5 52. Rb5 a3 53. Rxc5 Kf7 54. Ra5 Kf6 55. Rxa3 1-0


[Site "https://www.chess.com"]

[Event "Titled Tuesday Blitz February 07 Early 2023"]
[White "Yaran, Siar"]
[Black "Rosh Jain"]
[WhiteFideId "6323006"]
[BlackFideId "25789465"]
[WhiteElo "2288"]
[BlackElo "2248"]
[Result "1-0"]
[Round "01"]
[TimeControl "180+2"]
[Date "2023.02.07"]
[WhiteClock "0:00:05"]
[BlackClock "0:00:01"]

1. d4 Nf6 2. c4 e6 3. Nc3 d5 4. Bg5 Be7 5. Nf3 h6 6. Bh4 O-O 7. e3 dxc4 8. Bxc4 a6 9. a4 b6 10. O-O Bb7 11. Re1 c5 12. Qe2 Nc6 13. Rad1 cxd4 14. exd4 Nb4 15. Ne5 Nfd5 16. Bg3 Nxc3 17. bxc3 Nd5 18. Qh5 Rc8 19. Rd3 Bf6 20. Bb3 Nxc3 21. Nxf7 Rxf7 22. Bxe6 Qe7 23. f3 Rd8 24. d5 Bxd5 25. Bxd5 Qc5+ 26. Bf2 Rxd5 27. Re8+ Kh7 28. Qxf7 Qc6 29. Rxd5 Nxd5 30. g3 Qc1+ 31. Kg2 Qg5 32. Qg8+ Kg6 33. Re4 h5 34. h4 Qf5 35. g4 hxg4 36. Rxg4+ Kh6 37. Qh8+ Qh7 38. Qxh7+ Kxh7 39. Rc4 b5 40. Rc5 Nf4+ 41. Kg3 Ne2+ 42. Kg4 bxa4 43. Ra5 Nc3 44. Rxa6 Kg6 45. Be1 Nd5 46. Rxa4 Ne3+ 47. Kh3 Nc2 48. Bf2 Kf5 49. Kg2 g6 50. Kf1 Na1 51. Ke2 Nb3 52. Kd3 Nc1+ 53. Kd2 Nb3+ 54. Kc2 Na1+ 55. Kb1 Nb3 56. Be3 Bxh4 57. Ka2 1-0


[Site "https://www.chess.com"]

[Event "Titled Tuesday Blitz February 07 Early 2023"]
[White "Ambartsumova, Karina"]
[Black "Cepo, Toni"]
[WhiteFideId "4166299"]
[BlackFideId "4675916"]
[WhiteElo "2393"]
[BlackElo "2145"]
[Result "0-1"]
[Round "01"]
[TimeControl "180+2"]
[Date "2023.02.07"]
[WhiteClock "0:00:01"]
[BlackClock "0:01:27"]

1. Nf3 Nf6 2. d4 d5 3. c4 c6 4. g3 g6 5. Bg2 Bg7 6. b3 O-O 7. Bb2 Ne4 8. O-O Re8 9. Nc3 Nxc3 10. Bxc3 Bg4 11. Ne5 Be6 12. cxd5 Bxd5 13. e4 Bxe5 14. dxe5 Be6 15. Qc1 Nd7 16. f4 Qb6+ 17. Kh1 f5 18. exf6 exf6 19. Qb2 f5 20. Rae1 fxe4 21. Bh8 Re7 22. Rxe4 Nc5 23. Re2 Rae8 24. Bf6 Rf7 25. Bd4 Qb5 26. Qd2 Rfe7 27. Rfe1 Nd3 28. Rd1 Nb4 29. Bc3 Nd5 30. Bb2 Qb6 31. Rde1 Qb4 32. Qxb4 Nxb4 33. Bf6 Nd3 34. Bxe7 Nxe1 35. Rxe6 Nxg2 36. Kxg2 Kf7 37. Re5 Rxe7 38. Kf3 Rxe5 39. fxe5 Ke6 40. Ke4 c5 41. a4 b6 42. g4 a6 43. h3 b5 44. a5 h5 0-1


[Site "https://www.chess.com"]

[Event "Titled Tuesday Blitz February 07 Early 2023"]
[White "Mendez Machado, Andre"]
[Black "Chor, Kevin"]
[WhiteFideId "6603793"]
[BlackFideId "2090740"]
[WhiteElo "1974"]
[BlackElo "1944"]
[Result "1-0"]
[Round "01"]
[TimeControl "180+2"]
[Date "2023.02.07"]
[WhiteClock "0:00:13"]
[BlackClock "0:00:26"]

1. e4 c5 2. Nc3 g6 3. d4 cxd4 4. Qxd4 Nf6 5. Be3 Nc6 6. Qd2 Bg7 7. f3 d6 8. Nge2 O-O 9. h4 h5 10. O-O-O Ne5 11. Nf4 Qa5 12. Kb1 Be6 13. Ncd5 Qd8 14. Nxe6 fxe6 15. Nf4 Qd7 16. Bd4 Nc6 17. Bc4 Nxd4 18. Qxd4 Nd5 19. Bxd5 Rxf4 20. Qe3 Be5 21. Bb3 a5 22. g3 Rff8 23. Qg5 Kg7 24. Qxe5+ Kf7 25. Qg5 a4 26. Bc4 b5 27. Bd3 e5 28. f4 a3 29. fxe5 axb2 30. Rhf1+ Kg7 31. exd6 Qxd6 32. e5 Qa3 33. Qxg6+ 1-0


[Site "https://www.chess.com"]

[Event "Titled Tuesday Blitz February 07 Early 2023"]
[White "Chabris, Christopher"]
[Black "Arenas, David"]
[WhiteFideId "2005263"]
[BlackFideId "4403177"]
[WhiteElo "2053"]
[BlackElo "2426"]
[Result "1-0"]
[Round "01"]
[TimeControl "180+2"]
[Date "2023.02.07"]
[WhiteClock "0:00:08"]
[BlackClock "0:00:09"]

1. e4 c5 2. Nf3 d6 3. Bb5+ Bd7 4. Bxd7+ Qxd7 5. O-O Nf6 6. Qe2 Nc6 7. Rd1 e6 8. c3 Be7 9. d4 cxd4 10. cxd4 d5 11. e5 Ne4 12. Be3 O-O 13. Nc3 Nxc3 14. bxc3 Na5 15. h4 h6 16. Nh2 Bxh4 17. Qg4 Bd8 18. Bxh6 f5 19. Qg3 Rc8 20. Rd3 Rf7 21. Qg6 Nc6 22. Bg5 Bxg5 23. Qxg5 Qd8 24. Qh5 Ne7 25. Rh3 Kf8 26. Qh8+ Ng8 27. Nf3 b6 28. Nh4 Qg5 29. Rg3 Qh6 30. Ng6+ Ke8 31. Qxg8+ Kd7 32. Qxf7+ 1-0


[Site "https://www.chess.com"]

[Event "Titled Tuesday Blitz February 07 Early 2023"]
[White "Lymar, Vladislav"]
[Black "Antonio, Jorge Carlos"]
[WhiteFideId "14162180"]
[BlackFideId "113190"]
[WhiteElo "2119"]
[BlackElo "2277"]
[Result "1-0"]
[Round "01"]
[TimeControl "180+2"]
[Date "2023.02.07"]
[WhiteClock "0:01:02"]
[BlackClock "0:00:39"]

1. e4 c5 2. Nf3 e6 3. g3 Nc6 4. Bg2 d6 5. O-O g6 6. d4 cxd4 7. Nxd4 Bg7 8. Nb5 Bf8 9. Bf4 e5 10. Bg5 f6 11. Be3 a6 12. N5c3 Be6 13. Nd5 Bxd5 14. Qxd5 Nge7 15. Qb3 Rb8 16. Bb6 Qd7 17. Nc3 Nc8 18. Nd5 Nxb6 19. Nxf6+ Kd8 20. Nxd7 Nxd7 21. Rad1 Nc5 22. Qd5 Kc7 23. c3 Be7 24. f4 Bf6 25. Bh3 Rhf8 26. Qxd6+ Kb6 27. fxe5 Bxe5 28. Qxf8 Rxf8 29. Rxf8 Nxe4 30. Rf7 Ng5 31. Be6 Nxe6 32. Rxh7 Ng5 33. Rhd7 a5 34. Kg2 a4 35. R1d5 Ne4 36. Rxe5 Nxe5 37. Re7 Nc4 38. Rxe4 Nxb2 39. Rb4+ 1-0


[Site "https://www.chess.com"]

[Event "Titled Tuesday Blitz February 07 Early 2023"]
[White "Smietanska, Wiktoria"]
[Black "Djokovic, Nebojsa"]
[WhiteFideId "21869359"]
[BlackFideId "938300"]
[WhiteElo "1936"]
[BlackElo "2119"]
[Result "0-1"]
[Round "01"]
[TimeControl "180+2"]
[Date "2023.02.07"]
[WhiteClock "0:00:03"]
[BlackClock "0:00:31"]

1. c4 e6 2. Nc3 Nf6 3. e4 d5 4. e5 d4 5. exf6 dxc3 6. bxc3 Qxf6 7. Nf3 b6 8. d4 Bb7 9. Be2 h6 10. O-O Nd7 11. Re1 Bd6 12. Rb1 Rb8 13. Be3 O-O 14. Qa4 Rfd8 15. Rb2 Qg6 16. Qc2 Be4 17. Qd2 Nf6 18. Rd1 Ng4 19. Bd3 f5 20. Bxe4 fxe4 21. Nh4 Bxh2+ 22. Kh1 Qh5 23. g3 g5 24. Ng2 Bxg3+ 25. Kg1 Qh2+ 26. Kf1 Qh1+ 27. Ke2 Qxg2 28. Bxg5 Qxf2# 0-1


[Site "https://www.chess.com"]

[Event "Titled Tuesday Blitz February 07 Early 2023"]
[White "Adla, Diego"]
[Black "Fan_Of_Chucky"]
[WhiteFideId "100072"]
[WhiteElo "2383"]
[BlackElo "2269"]
[Result "1-0"]
[Round "01"]
[TimeControl "180+2"]
[Date "2023.02.07"]
[WhiteClock "0:01:49"]
[BlackClock "0:00:06"]

1. Nf3 Nf6 2. g3 g6 3. b3 Bg7 4. Bb2 O-O 5. Bg2 d6 6. d4 Nbd7 7. O-O e5 8. dxe5 Ng4 9. c4 Ngxe5 10. Nc3 Nxf3+ 11. Bxf3 Ne5 12. Bg2 c6 13. Qd2 Qc7 14. Rad1 Rd8 15. e4 a5 16. f4 Ng4 17. Rf3 Qb6+ 18. Kh1 a4 19. h3 Nf6 20. Nxa4 Rxa4 21. Bd4 Qa5 22. Bxf6 Bxf6 23. bxa4 Qxa4 24. e5 dxe5 25. Qxd8+ Bxd8 26. Rxd8+ Kg7 27. Rxc8 Qd1+ 28. Kh2 e4 29. Rb3 Qc2 30. Re8 f5 31. Rxb7+ Kf6 32. Rxh7 Qxc4 33. Rhe7 Qxa2 34. h4 c5 35. Rc7 c4 36. Rec8 c3 37. Rxc3 Kg7 38. R3c7+ Kh6 39. Rh8# 1-0


[Site "https://www.chess.com"]

[Event "Titled Tuesday Blitz February 07 Early 2023"]
[White "Zampronha, Wladimir Camilo"]
[Black "Orzech, Dominik"]
[WhiteFideId "2103087"]
[BlackFideId "1115065"]
[WhiteElo "2176"]
[BlackElo "2308"]
[Result "0-1"]
[Round "01"]
[TimeControl "180+2"]
[Date "2023.02.07"]
[WhiteClock "0:00:02"]
[BlackClock "0:01:20"]

1. e4 c6 2. d4 d5 3. e5 c5 4. Nf3 Nc6 5. c4 cxd4 6. Nxd4 Nxe5 7. cxd5 Nf6 8. Nc3 a6 9. Qa4+ Bd7 10. Qb3 b5 11. f4 Nc4 12. Bxc4 bxc4 13. Qxc4 Qb6 14. Be3 Rc8 15. Qe2 Ng4 16. O-O g6 17. Kh1 Bg7 18. Rad1 O-O 19. Bg1 Qd6 20. Ne6 fxe6 21. dxe6 Qxe6 22. Qd2 Bc6 23. Rfe1 Qf5 24. Rxe7 Qh5 25. Rxg7+ Kxg7 26. Qd4+ Kh6 27. h3 Qxh3+ 0-1


[Site "https://www.chess.com"]